 Dungeon Crawl Stone Soup version 0.21-a0-513-gdcb3f5e (webtiles) character file.

12523 slep the Basher (level 11, -9/58 HPs)
             Began as a Vine Stalker Gladiator on Dec 3, 2017.
             Was a High Priest of Okawaru.
             Mangled by a two-headed ogre
             ... wielding a +0 giant club
              (14 damage)
             ... on level 11 of the Dungeon.
             The game lasted 00:36:39 (7304 turns).

slep the Basher (Vine Stalker Gladiator)            Turns: 7304, Time: 00:36:40

Health: -9/58      AC: 11    Str: 20    XL:     11   Next: 94%
Magic:  0/19       EV: 14    Int: 10    God:    Okawaru [*****.]
Gold:   626        SH:  4    Dex: 16    Spells: 10/10 levels left

rFire    + . .     SeeInvis .   C - +3 mace of Itifuw {drain, *Rage +Rage rPois MP+9}
rCold    + + .     Gourm    .   T - +0 buckler
rNeg     . . .     Faith    .   V - +1 ring mail {MR+}
rPois    +         Spirit   +   n - +0 helmet
rElec    .         Reflect  .   S - scarf {rC+ rF+}
rCorr    .         Harm     .   p - +0 pair of gloves
MR       ++...     Rnd*Rage +   E - +0 pair of boots
Stlth    +.........             (no amulet)
HPRegen  0.59/turn              a - ring of loudness (curse)
MPRegen  0.16/turn              O - ring of protection from cold

@: berserk cooldown, slowed, very slow
A: fangs 3, clever 1, low mp 1, regeneration 1, screaming 1, magic shield,
antimagic bite, no potion heal 3, rot immunity
a: Heroism, Finesse, Renounce Religion, Evoke Berserk Rage


You were on level 11 of the Dungeon.
You worshipped Okawaru.
Okawaru was extremely pleased with you.
You were not hungry.

You visited 1 branch of the dungeon, and saw 11 of its levels.

You collected 659 gold pieces.
You spent 33 gold pieces at shops.

Inventory:

Hand Weapons
 e - the +7 fustibalus of Dried Tears {velocity, Fragile rPois Str+4 Dex+4, unknown}
   (You found it on level 11 of the Dungeon)

   Any stone fired from it inflicts extra damage.
   It affects your strength (+4).
   It affects your dexterity (+4).
   It protects you from poison.
   It will be destroyed if unequipped.
 C - the +3 mace of Itifuw (weapon) {drain, *Rage +Rage rPois MP+9}
   (You found it on level 4 of the Dungeon)

   A truly terrible weapon, it drains the life of those it strikes.
   It protects you from poison.
   It affects your magic capacity (+9).
   It lets you go berserk.
   It may make you go berserk in combat.
 Q - a +5 flail of freezing
Missiles
 d - 3 throwing nets (quivered)
Armour
 n - a +0 helmet (worn)
 p - a +0 pair of gloves (worn)
 E - a +0 pair of boots (worn)
 K - a +0 ring mail
 N - a +1 chain mail of cold resistance
 S - a scarf of resistance (worn)
 T - a +0 buckler (worn)
 V - a +1 ring mail of magic resistance (worn)
Jewellery
 a - a cursed ring of loudness (left hand)
 b - an uncursed ring of fire
 i - an uncursed ring of magical power
 O - a ring of protection from cold (right hand)
 U - a +2 ring of intelligence
Wands
 L - a wand of disintegration (16)
 M - a wand of iceblast (7)
 P - a wand of polymorph (8)
Scrolls
 h - 2 scrolls of magic mapping {unknown}
 j - 9 scrolls of teleportation
 m - 3 scrolls of immolation {unknown}
 s - 7 scrolls of remove curse
 t - 5 scrolls of fear {unknown}
 u - 3 scrolls of enchant weapon {unknown}
 v - 2 scrolls of amnesia {unknown}
 y - 7 scrolls of identify {unknown}
 G - 3 scrolls of enchant armour {unknown}
Potions
 k - a potion of haste {unknown}
 o - 4 potions of heal wounds {unknown}
 q - 3 potions of brilliance {unknown}
 w - 9 potions of curing {unknown}
 x - 3 potions of berserk rage {unknown}
 z - a potion of mutation {unknown}
 B - 3 potions of agility {unknown}
 D - 2 potions of degeneration {unknown}
 F - a potion of flight {unknown}
 H - 3 potions of cancellation {unknown}
 I - a potion of invisibility {unknown}
Comestibles
 c - 3 chunks of flesh
 f - 7 bread rations
 r - 8 fruits
 A - 6 meat rations
 J - 2 royal jellies


   Skills:
 + Level 7.0 Fighting
   Level 6.0(9.3) Axes
 + Level 10.9(11.5) Maces & Flails
 + Level 2.0 Throwing
 + Level 6.8 Armour
 + Level 5.4 Dodging
 + Level 4.8 Stealth
 + Level 0.7 Shields


You had 10 spell levels left.
You didn't know any spells.

Dungeon Overview and Level Annotations

Branches:
Dungeon (11/15)            Temple (0/1) D:7            Lair (0/6) D:9
    Orc: D:9-12

Altars:
Fedhas
Nemelex Xobeh
Okawaru
The Shining One

Shops:
D:5 [   D:10 *


Innate Abilities, Weirdness & Mutations

You have razor-sharp teeth.
Your natural rate of healing is unusually fast.
When hurt, damage is shared between your health and your magic reserves.
Your bite disrupts and absorbs the magic of your enemies.
Potions cannot restore your health.
You are immune to rotting.
Your mind is acute. (Int +2)
Your magical capacity is low. (-10% MP)
You occasionally shout uncontrollably at your foes.


Message History

The two-headed ogre hits you but does no damage.
The two-headed ogre misses you.
You thump the two-headed ogre!
The two-headed ogre is moderately wounded.
The two-headed ogre hits you with a giant club!
You block the two-headed ogre's attack.
You barely miss the two-headed ogre. Your bite misses the two-headed ogre.
The two-headed ogre is moderately wounded.
The bullfrog hits you. The bullfrog barely misses you.
The two-headed ogre hits you with a giant club!!
The two-headed ogre hits you with a giant spiked club!
You barely miss the two-headed ogre.
You bite the two-headed ogre, but do no damage.
The two-headed ogre is moderately wounded.
The bullfrog hits you but does no damage.
The bullfrog closely misses you.
The two-headed ogre hits you with a giant club!!
* * * LOW HITPOINT WARNING * * *
The two-headed ogre hits you with a giant spiked club!
You die...

F....#...# #..#
..#.#..### #..#
#....$...# #..#
#........# #.## #
#†.......# #.
###.####........#
..#
.......†........#
..#
......OF........#
..#
......#@......[.#
..##
....###..........#
.... #..
##.......... ....
#(
#........#.##....
# #.(##.####.#..#
##.....# #...####
#.....#####....#
##.##...# #.##.#
#.##.#..##.##..


You could see a two-headed ogre and a bullfrog.

Vanquished Creatures
  3 two-headed ogres
  Pikel (D:9)
  The ghost of Alex the Basher, a novice NaWr (D:6)
  An ugly thing (D:11)
  A cyclops (D:9)
  Joseph (D:7)
  A hornet (D:11)
  3 hippogriffs
  2 wyverns (D:11)
  17 yaks
  Eustachio (D:4)
  A wraith (D:11)
  3 sky beasts
  2 porcupines (D:9)
  2 phantoms
  2 ice beasts
  2 orc warriors
  An eye of draining (D:11)
  3 slaves (D:9)
  A black bear (D:9)
  2 necrophages
  4 ogres
  6 centaurs
  3 crocodiles (D:9)
  3 bullfrogs
  6 killer bees (D:11)
  8 wights
  9 howler monkeys
  A jelly (D:5)
  3 crimson imps
  2 bullfrog zombies
  3 bullfrog skeletons
  2 centaur skeletons
  5 hounds
  3 orc priests
  8 orc wizards
  3 iguanas
  4 worker ants
  A hound zombie (D:10)
  2 hound skeletons
  3 gnolls (D:3)
  2 worker ant zombies
  20 adders
  A shadow imp (D:9)
  An ooze (D:3)
  2 adder skeletons
  2 adder zombies
  4 worms
  4 leopard geckos
  27 orcs
  A ball python (D:2)
  2 giant cockroaches (D:3)
  4 goblins
  6 hobgoblins
  7 jackals
  4 quokkas
  6 bats
  7 frilled lizards
  3 kobolds
  A leopard gecko skeleton (D:9)
  A quokka zombie (D:5)
  5 rats
240 creatures vanquished.

Vanquished Creatures (others)
  2 bushes (D:9)
  3 fungi (D:9)
  10 plants (D:9)
15 creatures vanquished.

Grand Total: 255 creatures vanquished

Notes
Turn   | Place    | Note
-------+----------+-------------------------------------------
     0 | D:1      | slep the Vine Stalker Gladiator began the quest for the Orb.
     0 | D:1      | Reached XP level 1. HP: 11/11 MP: 2/2
   143 | D:1      | Reached XP level 2. HP: 12/15 MP: 3/3
   907 | D:2      | Reached XP level 3. HP: 18/18 MP: 4/4
  1520 | D:3      | Found a glowing golden altar of the Shining One.
  1528 | D:3      | Gained mutation: Your natural rate of healing is unusually fast. [Vine Stalker growth]
  1528 | D:3      | Reached XP level 4. HP: 18/23 MP: 5/5
  1824 | D:3      | Reached XP level 5. HP: 27/27 MP: 6/6
  2107 | D:3      | Reached skill level 1 in Armour
  2110 | D:3      | Found a sparkling altar of Nemelex Xobeh.
  2198 | D:4      | Noticed Eustachio
  2206 | D:4      | Killed Eustachio
  2206 | D:4      | Reached XP level 6. HP: 30/32 MP: 5/7
  2209 | D:4      | Reached skill level 5 in Axes
  2301 | D:4      | Got an ichor-stained mace
  2302 | D:4      | Identified the +3 mace of Itifuw {drain, *Rage +Rage rPois MP+9} (You found it on level 4 of the Dungeon)
  2314 | D:4      | Reached XP level 7. HP: 36/36 MP: 8/8
  2418 | D:4      | Reached skill level 1 in Maces & Flails
  2628 | D:5      | Entered Level 5 of the Dungeon
  2643 | D:5      | Reached skill level 2 in Maces & Flails
  2651 | D:5      | Gained mutation: You have razor-sharp teeth. [Vine Stalker growth]
  2651 | D:5      | Reached XP level 8. HP: 37/40 MP: 9/9
  2728 | D:5      | Reached skill level 3 in Maces & Flails
  2778 | D:5      | Found Litas's Armour Shop.
  3036 | D:5      | Found a blossoming altar of Fedhas.
  3273 | D:6      | Found an iron altar of Okawaru.
  3281 | D:6      | Became a worshipper of Warmaster Okawaru
  3289 | D:6      | Reached skill level 4 in Maces & Flails
  3338 | D:6      | Reached skill level 1 in Stealth
  3511 | D:6      | Noticed Alex's ghost (novice NaWr)
  3552 | D:6      | Killed Alex's ghost
  3552 | D:6      | Reached * piety under Okawaru
  3552 | D:6      | Reached skill level 5 in Maces & Flails
  3552 | D:6      | Reached XP level 9. HP: 9/46 MP: 6/10
  4015 | D:7      | Noticed Joseph
  4030 | D:7      | Killed Joseph
  4030 | D:7      | Reached ** piety under Okawaru
  4030 | D:7      | Reached skill level 6 in Maces & Flails
  4246 | D:7      | Found a staircase to the Ecumenical Temple.
  4738 | D:8      | Noticed a two-headed ogre
  4752 | D:8      | Killed a two-headed ogre
  4752 | D:8      | Reached *** piety under Okawaru
  4752 | D:8      | Reached skill level 5 in Fighting
  4752 | D:8      | Reached skill level 7 in Maces & Flails
  4752 | D:8      | Reached skill level 5 in Armour
  4752 | D:8      | Reached XP level 10. HP: 12/51 MP: 11/11
  5359 | D:9      | Noticed a two-headed ogre
  5365 | D:9      | Killed a two-headed ogre
  5365 | D:9      | Reached **** piety under Okawaru
  5365 | D:9      | Reached skill level 8 in Maces & Flails
  5502 | D:9      | Reached skill level 5 in Dodging
  5512 | D:9      | Reached ***** piety under Okawaru
  5514 | D:9      | Reached skill level 9 in Maces & Flails
  5630 | D:9      | Found a staircase to the Lair.
  5647 | D:9      | Reached XP level 11. HP: 56/56 MP: 12/12
  5681 | D:9      | Noticed Pikel
  5734 | D:9      | Killed Pikel
  5734 | D:9      | Received a gift from Okawaru
  5808 | D:9      | Reached skill level 10 in Maces & Flails
  6125 | D:9      | Noticed a cyclops
  6127 | D:9      | Noticed a two-headed ogre
  6143 | D:9      | Killed a two-headed ogre
  6196 | D:9      | Killed a cyclops
  6236 | D:9      | Gained mutation: Your mind is acute. (Int +2) [mutagenic meat]
  6495 | D:10     | Entered Level 10 of the Dungeon
  6564 | D:10     | Found Qyefann's General Store.
  6571 | D:10     | Bought a scroll of teleportation for 33 gold pieces
  7185 | D:11     | Got an iridescent fustibalus
  7202 | D:11     | Noticed a green ugly thing
  7214 | D:11     | Killed a green ugly thing
  7218 | D:11     | Paralysed by a hornet for 2 turns
  7231 | D:11     | Gained mutation: You occasionally shout uncontrollably at your foes. [mutagenic meat]
  7232 | D:11     | Gained mutation: Your magical capacity is low. (-10% MP) [mutagenic meat]
  7298 | D:11     | Noticed a two-headed ogre
  7304 | D:11     | Mangled by a two-headed ogre

Vault maps used:
D:1:      minmay_arrival_wavy_path
D:2:      first_bread
D:3:      old_standard_altar, nemelex_dance_club_becter
D:4:      dk_noncrumbling_3, uniq_eustachio
D:5:      nicolae_overflow_crystal_walls, serial_shops, nicolae_shop_statue_plus
D:6:      okawaru_metal_pillars_1_2
D:7:      lemuel_temple_firewalk_b, uniq_joseph
D:8:      grunt_ogre_cave
D:9:      minmay_lair_entry_grove, hangedman_decor_clover_reticule, uniq_pikel
D:10:     serial_shops, shop
D:11:     uniq_josephine

Skill      XL: |  1  2  3  4  5  6  7  8  9 10 11 |
---------------+----------------------------------+-----
Axes           | 3 4 5 6 |  6.0
Fighting       | 2 3 4 5 7 |  7.0
Throwing       | 2 |  2.0
Dodging        | 3 4 5 |  5.4
Armour         | 1 2 4 5 6 |  6.8
Maces & Flails | 2 5 7 9 10 | 10.9
Stealth        | 1 3 4 |  4.8
Shields        | |  0.7

Action                   |  1- 3 |  4- 6 |  7- 9 | 10-12 || total
-------------------------+-------+-------+-------+-------++-------
Melee: War axe           |    78 |   113 |       |       ||   191
       Bite              |    19 |    36 |    73 |   145 ||   273
       Mace              |       |     2 |   217 |   402 ||   621
Throw: Throwing net      |       |       |       |     2 ||     2
  Use: Potion            |       |     1 |       |       ||     1
       Scroll            |       |       |       |     1 ||     1
 Stab: Sleeping          |       |       |     1 |     3 ||     4
       Held in net/web   |       |       |       |     2 ||     2
  Eat: Chunk             |     2 |     3 |     8 |    12 ||    25
Armor: Leather armour    |     3 |       |       |       ||     3
       Scale mail        |    31 |    53 |    50 |       ||   134
       Ring mail         |     2 |       |    45 |   119 ||   166
Dodge: Dodged            |    42 |    80 |   141 |   228 ||   491
Block: Buckler           |       |       |       |    21 ||    21

Table legend:
 A = Spawn XP
 B = Non-spawn XP
 C = Spawn XP percentage of total XP
 D = Spawn monster count
 E = Non-spawn monster count
 F = Spawn count percentage of total count
 G = Total turns spent on level
                    A         B        C        D         E        F      G
               +---------+---------+-------+---------+---------+-------+---------
         Total |       0 |   17890 |   0.0 |       0 |     237 |   0.0 |  7304
               +---------+---------+-------+---------+---------+-------+---------
           D:1 |       0 |      20 |   0.0 |       0 |      13 |   0.0 |   751
           D:2 |       0 |      40 |   0.0 |       0 |       8 |   0.0 |   593
           D:3 |       0 |     180 |   0.0 |       0 |      37 |   0.0 |   832
           D:4 |       0 |     880 |   0.0 |       0 |      21 |   0.0 |   452
           D:5 |       0 |     630 |   0.0 |       0 |      16 |   0.0 |   627
           D:6 |       0 |    1150 |   0.0 |       0 |      18 |   0.0 |   596
           D:7 |       0 |    1473 |   0.0 |       0 |      14 |   0.0 |   635
           D:8 |       0 |    1628 |   0.0 |       0 |      16 |   0.0 |   828
           D:9 |       0 |    7331 |   0.0 |       0 |      52 |   0.0 |  1181
          D:10 |       0 |    2256 |   0.0 |       0 |      23 |   0.0 |   533
          D:11 |       0 |    2302 |   0.0 |       0 |      19 |   0.0 |   276
               +---------+---------+-------+---------+---------+-------+---------
